Map: Ruins of Seras

Players

CunningStunt

  • Race: Protoss Protoss
  • League: Gold

A.I. 2 (Very Easy) - Winner!

  • Race: Protoss Protoss

A.I. 3 (Very Easy) - Winner!

  • Race: Zerg Zerg

VOD

Have the link to the VOD?

Description

Time

  • Played on: Sept. 8, 2015, 11 a.m.
  • Length: 3:26
Show
View Real Time Build Order
Export as new Build Order

CunningStunt Protoss 

Build Orders: 1 Gate Expand 

Get SALT Encoding   

  12  0:00  Probe (Chrono Boost)  
  13  0:10  Probe (Chrono Boost)  
  14  0:19  Pylon  
  14  0:22  Probe (Chrono Boost)  
  15  0:36  Probe (Chrono Boost)  
  15  0:40  Gateway  
  16  0:46  Probe (Chrono Boost)  
  17  0:56  Probe (Chrono Boost)  
  18  1:18  Nexus  
  18  1:24  Assimilator  
  18  1:26  Assimilator  
  18  1:37  Cybernetics Core  
  18  1:40  Probe (Chrono Boost)  
  18  1:46  Zealot  
  21  1:51  Probe (Chrono Boost)  
  22  2:00  Pylon  
  22  2:03  Probe (Chrono Boost)  
  22  2:13  Probe (Chrono Boost)  
  23  2:23  Probe (Chrono Boost)  
  24  2:31  Probe (Chrono Boost)  
  24  2:32  Stargate  
  25  2:37  Probe (Chrono Boost)  
  25  2:42  Probe (Chrono Boost)  
  27  2:50  Assimilator  
  27  2:52  Probe (Chrono Boost)  
  27  2:55  Probe (Chrono Boost)  
  29  3:02  Probe (Chrono Boost)  
  29  3:05  Probe (Chrono Boost)  
Show
View Real Time Build Order
Export as new Build Order

A.I. 2 (Very Easy) Protoss - Winner!

Build Orders:  

Get SALT Encoding   

Show
View Real Time Build Order
Export as new Build Order

A.I. 3 (Very Easy) Zerg - Winner!

Build Orders:  

Get SALT Encoding   

  12  0:12  Probe (Chrono Boost), Pylon  
  13  0:30  Probe (Chrono Boost)  
  14  0:37  Assimilator  
  14  0:41  Gateway  
  14  0:47  Pylon  
  14  1:17  Assimilator  
  14  1:21  Probe (Chrono Boost)  
  15  1:32  Probe (Chrono Boost)  
  16  1:33  Cybernetics Core  
  16  1:42  Probe (Chrono Boost)  
  17  1:52  Probe (Chrono Boost)  
  18  2:02  Probe (Chrono Boost)  
  19  2:10  Stalker  
  19  2:13  Probe (Chrono Boost)  
Tags
 
Add a new tag
Caveats
  • Supply blocks, unpowered buildings, or Contaminate may cause inaccurate times.
  • Supply counts are checked every 10 seconds.